[Event "26th Hit Open-A 2022"]
[Site "Nova Gorica"]
[Date "2022.09.17"]
[Round "3.24"]
[White "Stevanic, David"]
[Black "Markocic, Tine"]
[Result "1/2-1/2"]
[ECO "B22"]
[WhiteElo "2261"]
[BlackElo "2034"]
[Annotator "TA"]
[PlyCount "125"]
[EventDate "2022.09.16"]
[EventType "swiss"]
[EventCountry "SLO"]
[SourceTitle "playchess.com"]
[Source "ChessBase"]
[SourceQuality "1"]
[TimeControl "5400+30"]

1. e4 c5 2. c3 d5 3. exd5 Qxd5 4. d4 Nf6 5. Nf3 Bg4 6. dxc5 Qxc5 $1 {[%emt 0:12:56] 6...Qxc5 scores better than 6...Qxd1+.} 7. h3 {[%emt 0:00:44] B22: Sicilian: 2 c3.} Bxf3 8. Qxf3 Nc6 9. Na3 {[%emt 0:03:48] [#] White is slightly better.} a6 $146 ({Predecessor:} 9... e6 10. Nb5 Qe5+ 11. Be2 Nd5 12. c4 Bb4+ 13. Kf1 Nf6 14. Rb1 Rd8 15. Bf4 Qf5 {0-1 (55) Michalczak,T (2369)-Akesson,R (2461) Gausdal 2005}) 10. Be3 Qd5 11. Be2 Ne5 {[%emt 0:04:07] Against Nc4} 12. Qf4 Nd3+ 13. Bxd3 Qxd3 14. Rd1 Qe4 15. O-O e6 16. Nc4 Qxf4 17. Bxf4 Rc8 18. Nd6+ Bxd6 19. Bxd6 Nd5 20. Rd4 Rc6 21. Ba3 b5 {[%emt 0:01:27] Against c4} 22. Re1 {[%emt 0:15:53] [#] And now Rxd5 would win.} Kd8 23. Bb4 Kc8 24. Ba5 Kd7 25. b3 {[%emt 0:05:05] Hoping for c4.} Rhc8 26. Ree4 {[%emt 0:00:05] c4 is the strong threat.} Rd6 27. c4 Nf6 28. Rxd6+ Kxd6 $11 {[%emt 0:00:06][%mdl 4096] Endgame KRB-KRN} 29. Bb4+ Kc6 30. Rd4 Rc7 31. Bf8 g6 32. Bg7 Ne8 33. Be5 Rd7 34. Rxd7 Kxd7 35. cxb5 axb5 {[%emt 0:00:05] KB-KN} 36. Kf1 b4 37. Ke2 Kc6 38. Kd3 {[%emt 0:00:56] Threatens to win with Kc4.} Kd5 39. Bb2 e5 40. a3 e4+ 41. Ke3 bxa3 42. Bxa3 Nc7 43. Be7 f5 44. g3 Ke5 45. Bf8 g5 46. Bg7+ Kd5 47. f3 f4+ 48. gxf4 gxf4+ 49. Kxf4 Ne6+ 50. Ke3 Nxg7 51. fxe4+ {[%emt 0:00:05] KN-K3P} Ke5 52. b4 Ne8 53. Kf3 $1 Nf6 54. b5 Nxe4 $15 {[%emt 0:00:07] KN-KPP} 55. b6 {[%emt 0:00:17] Black must now prevent b7.} Nd6 56. Kg4 Kf6 {[%emt 0:00:11] ( -> ...Kg6)} 57. Kh5 Kg7 58. Kg5 h6+ 59. Kh5 Kh7 60. Kg4 $2 {[%emt 0:00:32][%mdl 8192] [#]} (60. h4 $15) 60... Kg6 61. Kf4 Kf6 $2 (61... h5 {mates} 62. Kg3 Kg5 63. h4+ Kf5 64. Kf3 Ke5 65. Ke2 Ke4 66. Kf2 Nb7 67. Ke2 Nd6 68. Kf2 Kf4 69. Ke2 Ke4) 62. Kg4 $1 Kg6 $2 (62... Nb7 $17 63. Kh5 Kg7) 63. Kf4 {[%emt 0:00:05][%mdl 32768] Weighted Error Value: White=0.20 (precise) /Black=0.20 (precise) . An unexpected result.} 1/2-1/2

[Event "26th Hit Open-A 2022"]
[Site "Nova Gorica"]
[Date "2022.09.18"]
[Round "4.1"]
[White "Royal, Shreyas"]
[Black "Sonis, Francesco"]
[Result "1/2-1/2"]
[ECO "E15"]
[WhiteElo "2412"]
[BlackElo "2542"]
[Annotator "ChessBase"]
[PlyCount "112"]
[EventDate "2022.09.16"]
[EventType "swiss"]
[EventCountry "SLO"]
[SourceTitle "playchess.com"]
[Source "ChessBase"]
[SourceQuality "1"]
[TimeControl "5400+30"]

1. d4 Nf6 2. c4 e6 3. Nf3 b6 4. g3 Ba6 5. b3 Bb4+ 6. Bd2 Be7 7. Bg2 d5 8. cxd5 exd5 9. O-O O-O 10. Nc3 Re8 11. Ne5 Bb7 12. Rc1 Nbd7 13. Rc2 c6 14. Bc1 Bf8 15. Nd3 Ne4 16. Bb2 Bd6 17. Qa1 Qe7 18. Nd1 Nef6 19. Ne3 g6 20. Bf3 h5 21. Ng2 Qe6 22. Qc1 Rac8 23. h4 Ne4 24. Ngf4 Qe7 25. Rd1 Nef6 26. Bg2 Ng4 27. Qd2 Ndf6 28. Qe1 Rc7 29. Rdc1 a5 30. a4 Qd8 31. Rb1 Ree7 32. Qc1 Qe8 33. Ba3 Bxa3 34. Qxa3 Ba6 35. b4 axb4 36. Rxb4 Bxd3 37. Qxd3 c5 38. Rxb6 Qxa4 39. Rxc5 Rxc5 40. dxc5 Qa5 41. Rb1 Qxc5 42. Qf3 Ne4 43. Nd3 Qa7 44. Qf4 Kg7 45. Qb8 Qxb8 46. Rxb8 Nc3 47. e3 d4 48. exd4 Ne2+ 49. Kh1 Nxd4 50. Bf1 Rd7 51. Kg2 Nc2 52. Re8 Nd4 53. Rb8 Rc7 54. Rb4 Nc2 55. Re4 Rc3 56. Nf4 Nf6 1/2-1/2

[Event "26th Hit Open-A 2022"]
[Site "Nova Gorica"]
[Date "2022.09.18"]
[Round "4.2"]
[White "Seo, Jung Min"]
[Black "Ghazarian, Kirk"]
[Result "1/2-1/2"]
[ECO "C00"]
[WhiteElo "2516"]
[BlackElo "2440"]
[Annotator "ChessBase"]
[PlyCount "82"]
[EventDate "2022.09.16"]
[EventType "swiss"]
[EventCountry "SLO"]
[SourceTitle "playchess.com"]
[Source "ChessBase"]
[SourceQuality "1"]
[TimeControl "5400+30"]

1. e4 e5 2. Nf3 Nc6 3. Bb5 Nf6 4. d3 Bc5 5. c3 d5 6. Nbd2 O-O 7. O-O dxe4 8. dxe4 Qe7 9. Qe2 a5 10. a4 Nb8 11. Bd3 Nbd7 12. Nc4 h6 13. Bd2 Ne8 14. Ne3 Ndf6 15. Nd5 Nxd5 16. exd5 Nf6 17. Qxe5 Qxe5 18. Nxe5 Nxd5 19. Be4 Nf6 20. Bf3 c6 21. Rfe1 Be6 22. Nd3 Bb6 23. Be3 Bxe3 24. Rxe3 Nd7 25. h3 Rfd8 26. Nf4 Nf8 27. Nd3 Bd5 28. Nc5 Bxf3 29. Rxf3 b6 30. Nd3 Ng6 31. Re3 Rd6 32. Rae1 f6 33. Kf1 Rad8 34. Re8+ Rxe8 35. Rxe8+ Kf7 36. Re3 Ne7 37. Ke2 Nd5 38. Re4 Re6 39. Kf3 Rd6 40. Ke2 Re6 41. Kf3 Rd6 1/2-1/2

[Event "26th Hit Open-A 2022"]
[Site "Nova Gorica"]
[Date "2022.09.18"]
[Round "4.3"]
[White "Stefansson, Vignir Vatnar"]
[Black "Wadsworth, Matthew J"]
[Result "1/2-1/2"]
[ECO "B06"]
[WhiteElo "2452"]
[BlackElo "2423"]
[Annotator "ChessBase"]
[PlyCount "186"]
[EventDate "2022.09.16"]
[EventType "swiss"]
[EventCountry "SLO"]
[SourceTitle "playchess.com"]
[Source "ChessBase"]
[SourceQuality "1"]
[TimeControl "5400+30"]

1. e4 c5 2. c3 d5 3. exd5 Qxd5 4. d4 g6 5. Nf3 Bg7 6. Nbd2 cxd4 7. Bc4 Qd8 8. Nxd4 Nf6 9. O-O O-O 10. N2f3 Qc7 11. Qe2 a6 12. Re1 Nbd7 13. Bb3 e6 14. Bxe6 fxe6 15. Nxe6 Qb6 16. Nxg7 Kxg7 17. Qe7+ Rf7 18. Bh6+ Kg8 19. Qxf7+ Kxf7 20. Ng5+ Kg8 21. Re7 Ne5 22. Re1 Qxf2+ 23. Kxf2 Neg4+ 24. Kg1 Nxh6 25. Rc7 Bd7 26. Rf1 Bf5 27. h3 Ne4 28. Nxh7 g5 29. Nxg5 Nxg5 30. Rxb7 Rd8 31. Rb6 Ngf7 32. g4 Bd3 33. Rf4 Re8 34. Kf2 Re2+ 35. Kg3 Kg7 36. Rb7 Be4 37. Re7 Rg2+ 38. Kh4 Bb1 39. b4 Bxa2 40. c4 Bb1 41. c5 Rc2 42. Re6 Nh8 43. Kg3 Ng6 44. Rf3 Rc4 45. Rxa6 Nf7 46. Raa3 Rxb4 47. Rfc3 Ng5 48. Rcb3 Ne4+ 49. Kh2 Rc4 50. Rxb1 Rc2+ 51. Kg1 Nf4 52. c6 Rg2+ 53. Kf1 Nd2+ 54. Ke1 Nxb1 55. Rf3 Ne6 56. Rb3 Kf6 57. c7 Nxc7 58. Kf1 Nd2+ 59. Kxg2 Nxb3 60. h4 Nd5 61. g5+ Kf5 62. h5 Nf4+ 63. Kf3 Nxh5 64. g6 Ng7 65. Ke3 Ke5 66. Kd3 Nc5+ 67. Kc4 Nce6 68. Kd3 Kd5 69. Ke3 Nc5 70. Kf4 Kd4 71. Kf3 Nd3 72. Ke2 Ne5 73. Kd2 Nf3+ 74. Ke2 Ke4 75. Kf2 Nd4 76. Kg3 Ke3 77. Kg4 Nf3 78. Kg3 Ne5 79. Kg2 Nd7 80. Kf1 Nc5 81. Ke1 Ne4 82. Kd1 Kd3 83. Kc1 Kc3 84. Kb1 Nd2+ 85. Ka2 Nc4 86. Kb1 Kd2 87. Ka1 Kc1 88. Ka2 Kc2 89. Ka1 Na3 90. Ka2 Nb5 91. Ka1 Na3 92. Ka2 Nb1 93. Ka1 Nc3 1/2-1/2

[Event "26th Hit Open-A 2022"]
[Site "Nova Gorica"]
[Date "2022.09.18"]
[Round "4.4"]
[White "Kaasen, Tor Fredrik"]
[Black "Brilej, Jaka"]
[Result "1/2-1/2"]
[ECO "B10"]
[WhiteElo "2442"]
[BlackElo "2329"]
[Annotator "ChessBase"]
[PlyCount "137"]
[EventDate "2022.09.16"]
[EventType "swiss"]
[EventCountry "SLO"]
[SourceTitle "playchess.com"]
[Source "ChessBase"]
[SourceQuality "1"]
[TimeControl "5400+30"]

1. e4 c6 2. Nf3 d5 3. d3 dxe4 4. dxe4 Qxd1+ 5. Kxd1 Nf6 6. Nfd2 h5 7. h4 g6 8. f3 Bh6 9. a4 Be6 10. c3 Nbd7 11. Kc2 O-O-O 12. Bc4 Nc5 13. Bxe6+ Nxe6 14. Nc4 Bxc1 15. Rxc1 Nf4 16. Rg1 Nd7 17. b4 Nd3 18. Nbd2 N3e5 19. Ne3 Nf6 20. a5 Rd7 21. Ndc4 Nxc4 22. Nxc4 Rhd8 23. a6 b6 24. Ne5 Rd2+ 25. Kb3 Kc7 26. Nxf7 Rf8 27. Ng5 Re8 28. Ne6+ Kd6 29. Ng5 e5 30. Rad1 Rxd1 31. Rxd1+ Ke7 32. c4 Rc8 33. g3 Nd7 34. Kc3 Rf8 35. Rf1 Nf6 36. Rb1 Nd7 37. Kd3 Nb8 38. Ra1 Rd8+ 39. Kc3 Rf8 40. Rf1 Nd7 41. f4 Nf6 42. c5 bxc5 43. bxc5 Nd7 44. Kc4 Rb8 45. fxe5 Nxe5+ 46. Kd4 Nd7 47. Rf7+ Ke8 48. Rg7 Rb4+ 49. Kc3 Ra4 50. Rxg6 Rxa6 51. Kb4 Ra1 52. Rxc6 a5+ 53. Kb3 Rc1 54. Ne6 Ke7 55. Kb2 Rc4 56. Nf4 Nxc5 57. Ng6+ Ke8 58. Rc8+ Kd7 59. Rh8 Rb4+ 60. Kc2 Nxe4 61. Rxh5 Nxg3 62. Rxa5 Ke6 63. Rg5 Nf5 64. Nf8+ Kf6 65. Nd7+ Ke6 66. Nc5+ Kf6 67. Nd7+ Ke6 68. Nc5+ Kf6 69. Nd7+ 1/2-1/2

[Event "26th Hit Open-A 2022"]
[Site "Nova Gorica"]
[Date "2022.09.18"]
[Round "4.5"]
[White "Sharan, Rao"]
[Black "Lodici, Lorenzo"]
[Result "1-0"]
[ECO "A30"]
[WhiteElo "2312"]
[BlackElo "2559"]
[Annotator "ChessBase"]
[PlyCount "83"]
[EventDate "2022.09.16"]
[EventType "swiss"]
[EventCountry "SLO"]
[SourceTitle "playchess.com"]
[Source "ChessBase"]
[SourceQuality "1"]
[TimeControl "5400+30"]

1. Nf3 c5 2. b3 d6 3. d4 cxd4 4. Nxd4 b6 5. e3 Bb7 6. Bb2 Nd7 7. Be2 Ngf6 8. O-O e6 9. c4 Be7 10. Nc3 O-O 11. Bf3 Bxf3 12. Qxf3 Ne5 13. Qe2 Qc7 14. Rad1 Rfe8 15. f4 Ned7 16. Qf3 a6 17. g4 g6 18. Nc6 Bf8 19. f5 gxf5 20. gxf5 e5 21. Nd5 Qc8 22. Kh1 Kh8 23. Nxf6 Nxf6 24. Rg1 Qc7 25. Rg2 a5 26. Rdg1 Rac8 27. Qg3 Bh6 28. Qh4 Ng8 29. Nd4 exd4 30. Bxd4+ Re5 31. Bxe5+ dxe5 32. Rxg8+ Rxg8 33. Rxg8+ Kxg8 34. Qxh6 Qd7 35. f6 Qg4 36. h4 Qf3+ 37. Kg1 Qg3+ 38. Kf1 Qf3+ 39. Ke1 Qg3+ 40. Ke2 Qg2+ 41. Kd3 e4+ 42. Kc3 1-0

[Event "26th Hit Open-A 2022"]
[Site "Nova Gorica"]
[Date "2022.09.18"]
[Round "4.6"]
[White "Van Dael, Siem"]
[Black "Diermair, Andreas"]
[Result "1/2-1/2"]
[ECO "C18"]
[WhiteElo "2316"]
[BlackElo "2468"]
[Annotator "ChessBase"]
[PlyCount "50"]
[EventDate "2022.09.16"]
[EventType "swiss"]
[EventCountry "SLO"]
[SourceTitle "playchess.com"]
[Source "ChessBase"]
[SourceQuality "1"]
[TimeControl "5400+30"]

1. e4 e6 2. d4 d5 3. Nc3 Bb4 4. e5 c5 5. a3 Bxc3+ 6. bxc3 Qc7 7. Qg4 f6 8. Nf3 c4 9. Qg3 Qf7 10. Be2 Nc6 11. O-O Nge7 12. exf6 gxf6 13. Nh4 Rg8 14. Qd6 Bd7 15. Bf4 Rd8 16. Qc7 Bc8 17. Bg3 e5 18. dxe5 fxe5 19. Nf3 Rxg3 20. hxg3 Rd7 21. Nxe5 Rxc7 22. Nxf7 Kxf7 23. g4 Ne5 24. f3 N7g6 25. g3 Rc5 1/2-1/2

[Event "26th Hit Open-A 2022"]
[Site "Nova Gorica"]
[Date "2022.09.18"]
[Round "4.7"]
[White "Gschiel, Alexander"]
[Black "Davies, Nigel R"]
[Result "0-1"]
[ECO "E07"]
[WhiteElo "2196"]
[BlackElo "2420"]
[Annotator "ChessBase"]
[PlyCount "104"]
[EventDate "2022.09.16"]
[EventType "swiss"]
[EventCountry "SLO"]
[SourceTitle "playchess.com"]
[Source "ChessBase"]
[SourceQuality "1"]
[TimeControl "5400+30"]

1. d4 e6 2. c4 Nf6 3. Nf3 d5 4. g3 Be7 5. Bg2 O-O 6. O-O c6 7. Nc3 Nbd7 8. Qd3 b6 9. e4 Ba6 10. b3 dxc4 11. bxc4 e5 12. Rd1 exd4 13. Qxd4 Bc5 14. Qd3 Ng4 15. Rd2 Nde5 16. Nxe5 Nxe5 17. Qc2 Qf6 18. Bb2 Nxc4 19. Na4 Nxb2 20. Nxc5 Nc4 21. Nxa6 Nxd2 22. Rc1 Nf3+ 23. Bxf3 Qxf3 24. Qxc6 Rad8 25. Nb4 Rd2 26. Rf1 Re2 27. Nd5 Qxe4 28. Qd7 Qe6 29. Qb7 Re5 30. Nf4 Qxa2 31. Rc1 Rfe8 32. Qd7 Qa3 33. Rc8 Rxc8 34. Qxc8+ Qf8 35. Qc7 Re1+ 36. Kg2 Qa8+ 37. f3 Re8 38. Qc3 Qc8 39. Qd4 Rd8 40. Qe3 Qc2+ 41. Kh3 Qc5 42. Qe4 a5 43. g4 Qd4 44. Qf5 a4 45. Nh5 Qd5 46. Qc2 Qxf3+ 47. Ng3 a3 48. g5 b5 49. Kh4 Qf4+ 50. Kh3 Qc4 51. Qb1 b4 52. Qf5 Qc8 0-1

[Event "26th Hit Open-A 2022"]
[Site "Nova Gorica"]
[Date "2022.09.18"]
[Round "4.8"]
[White "Leitner, Gerald"]
[Black "Holtel, Jasper"]
[Result "0-1"]
[ECO "D94"]
[WhiteElo "2181"]
[BlackElo "2406"]
[Annotator "ChessBase"]
[PlyCount "70"]
[EventDate "2022.09.16"]
[EventType "swiss"]
[EventCountry "SLO"]
[SourceTitle "playchess.com"]
[Source "ChessBase"]
[SourceQuality "1"]
[TimeControl "5400+30"]

1. d4 Nf6 2. Nf3 g6 3. c4 Bg7 4. Nc3 d5 5. e3 O-O 6. Bd2 c5 7. dxc5 Na6 8. cxd5 Nxc5 9. Bc4 Qb6 10. O-O Nfe4 11. Qc1 Bf5 12. Nd4 Rac8 13. Nxf5 gxf5 14. Rb1 Nd6 15. Be2 Nce4 16. Be1 Qc5 17. Qd1 Bxc3 18. Bxc3 Nxc3 19. bxc3 Qxc3 20. Qa4 Qc2 21. Qh4 Qxe2 22. Qg5+ Kh8 23. Qxe7 Rfd8 24. Qf6+ Kg8 25. Qg5+ Kf8 26. Rb4 Qxa2 27. e4 fxe4 28. Re1 Qa5 29. Reb1 b6 30. f3 Qc5+ 31. Kh1 e3 32. h4 e2 33. Kh2 Qc3 34. Rg4 e1=Q 35. Rxe1 Qxe1 0-1

[Event "26th Hit Open-A 2022"]
[Site "Nova Gorica"]
[Date "2022.09.18"]
[Round "4.9"]
[White "Schreiner, Peter"]
[Black "Gregoric, Andraz"]
[Result "1/2-1/2"]
[ECO "E06"]
[WhiteElo "2405"]
[BlackElo "2182"]
[Annotator "ChessBase"]
[PlyCount "51"]
[EventDate "2022.09.16"]
[EventType "swiss"]
[EventCountry "SLO"]
[SourceTitle "playchess.com"]
[Source "ChessBase"]
[SourceQuality "1"]
[TimeControl "5400+30"]

1. Nf3 Nf6 2. g3 e6 3. Bg2 d5 4. O-O c5 5. c4 Nc6 6. cxd5 Nxd5 7. d4 Be7 8. dxc5 Bxc5 9. a3 a5 10. e4 Nf6 11. Qxd8+ Kxd8 12. Nc3 h6 13. e5 Nd7 14. Ne4 Be7 15. Rd1 Kc7 16. h4 Ndxe5 17. Nxe5 Nxe5 18. Bf4 f6 19. Rac1+ Kb8 20. Nc5 Rd8 21. Rxd8 Bxd8 22. Bxb7 Bxb7 23. Nd7+ Ka7 24. Be3+ Ka6 25. Nc5+ Ka7 26. Nd7+ 1/2-1/2

[Event "26th Hit Open-A 2022"]
[Site "Nova Gorica"]
[Date "2022.09.18"]
[Round "4.10"]
[White "Devnani Kush"]
[Black "Fercec, Nenad"]
[Result "1/2-1/2"]
[ECO "E16"]
[WhiteElo "2095"]
[BlackElo "2403"]
[Annotator "ChessBase"]
[PlyCount "56"]
[EventDate "2022.09.16"]
[EventType "swiss"]
[EventCountry "SLO"]
[SourceTitle "playchess.com"]
[Source "ChessBase"]
[SourceQuality "1"]
[TimeControl "5400+30"]

1. d4 Nf6 2. c4 e6 3. Nf3 b6 4. g3 Bb7 5. Bg2 g6 6. Nc3 Bg7 7. Qc2 c5 8. dxc5 bxc5 9. O-O O-O 10. Rd1 Nc6 11. Bf4 Na5 12. Nb5 Be4 13. Qc1 a6 14. Nd6 Bc6 15. Be5 Nb7 16. Qc2 Qb6 17. Qb3 Qa7 18. Qa3 Rfd8 19. Nxb7 Bxb7 20. Rac1 Rac8 21. Bd6 Ba8 22. Nd2 Bxg2 23. Kxg2 Rc6 24. Be7 Re8 25. Bxf6 Bxf6 26. Ne4 Bg7 27. Rc2 f5 28. Nc3 h5 1/2-1/2

[Event "26th Hit Open-A 2022"]
[Site "Nova Gorica"]
[Date "2022.09.18"]
[Round "4.11"]
[White "Willow, Jonah B"]
[Black "Guid, Matej"]
[Result "1/2-1/2"]
[ECO "C10"]
[WhiteElo "2385"]
[BlackElo "2292"]
[Annotator "ChessBase"]
[PlyCount "64"]
[EventDate "2022.09.16"]
[EventType "swiss"]
[EventCountry "SLO"]
[SourceTitle "playchess.com"]
[Source "ChessBase"]
[SourceQuality "1"]
[TimeControl "5400+30"]

1. e4 e6 2. d4 d5 3. Nc3 dxe4 4. Nxe4 Nd7 5. Nf3 Ngf6 6. Nxf6+ Nxf6 7. g3 b6 8. Bb5+ Bd7 9. a4 a6 10. Be2 Bc6 11. O-O Bd6 12. Ne5 Bxe5 13. dxe5 Qd5 14. Qxd5 Nxd5 15. Rd1 a5 16. Rd4 O-O-O 17. Bg5 Rd7 18. Rad1 h6 19. Bc1 Rhd8 20. Rg4 Nc3 21. Ba6+ Kb8 22. Rxd7 Rxd7 23. Bd3 Nxa4 24. Rxg7 Bf3 25. g4 Nc5 26. Bxh6 Nxd3 27. cxd3 Rxd3 28. h3 Be4 29. Kh2 Rf3 30. Be3 b5 31. h4 a4 32. Bc5 b4 1/2-1/2

[Event "26th Hit Open-A 2022"]
[Site "Nova Gorica"]
[Date "2022.09.18"]
[Round "4.12"]
[White "Drazic, Sinisa"]
[Black "Verbin, Valentina"]
[Result "1-0"]
[ECO "D00"]
[WhiteElo "2327"]
[BlackElo "2049"]
[Annotator "ChessBase"]
[PlyCount "87"]
[EventDate "2022.09.16"]
[EventType "swiss"]
[EventCountry "SLO"]
[SourceTitle "playchess.com"]
[Source "ChessBase"]
[SourceQuality "1"]
[TimeControl "5400+30"]

1. d4 Nf6 2. c3 d5 3. Bg5 c5 4. Bxf6 gxf6 5. e3 cxd4 6. exd4 Nc6 7. Nd2 Bg7 8. Ne2 f5 9. Nf4 e6 10. Bd3 Bd7 11. Nf3 Bh6 12. Nh5 Qe7 13. Qe2 O-O-O 14. g3 f6 15. Nh4 Qf7 16. Qf3 Kb8 17. O-O Bg5 18. Rfe1 Rhg8 19. Ng2 e5 20. Qd1 f4 21. Be2 Bh3 22. Kh1 Bxg2+ 23. Kxg2 e4 24. gxf4 Bxf4+ 25. Kh1 Bc7 26. Rg1 Qe6 27. f4 exf3 28. Bxf3 Qh3 29. Qe2 Ka8 30. Rg2 Rge8 31. Qf2 f5 32. Nf6 Re4 33. Rf1 Rf4 34. Qg3 Qh6 35. Qg7 Qh3 36. Qg3 Qh6 37. Qg5 Qh3 38. Be2 Rxf1+ 39. Bxf1 Bxh2 40. Rg1 Bf4+ 41. Bxh3 Bxg5 42. Rxg5 Ne7 43. Rg7 Ng6 44. Bxf5 1-0

[Event "26th Hit Open-A 2022"]
[Site "Nova Gorica"]
[Date "2022.09.18"]
[Round "4.13"]
[White "Subelj, Jan"]
[Black "Hercog, Nusa"]
[Result "1-0"]
[ECO "B10"]
[WhiteElo "2505"]
[BlackElo "2019"]
[Annotator "ChessBase"]
[PlyCount "71"]
[EventDate "2022.09.16"]
[EventType "swiss"]
[EventCountry "SLO"]
[SourceTitle "playchess.com"]
[Source "ChessBase"]
[SourceQuality "1"]
[TimeControl "5400+30"]

1. e4 c6 2. Nf3 d5 3. d3 g6 4. e5 Bg7 5. d4 e6 6. h4 h5 7. c4 Nd7 8. Nc3 Nh6 9. Bg5 Qb6 10. c5 Qc7 11. Rc1 Nf5 12. Bd3 Nf8 13. Qd2 Nh7 14. Bf4 Qe7 15. g3 Bd7 16. b4 a6 17. Na4 Rd8 18. Nb6 Bf8 19. a4 Bg7 20. O-O O-O 21. Rfe1 Rfe8 22. Bg5 Nxg5 23. hxg5 Bf8 24. Qf4 Bc8 25. g4 Ng7 26. Kg2 Qc7 27. Rh1 Be7 28. Rh3 Rf8 29. Qg3 Bd7 30. Rch1 Be8 31. gxh5 Nxh5 32. Rxh5 gxh5 33. Rxh5 Bd7 34. Rh8+ Kg7 35. Rh7+ Kg8 36. Qh4 1-0

[Event "26th Hit Open-A 2022"]
[Site "Nova Gorica"]
[Date "2022.09.18"]
[Round "4.14"]
[White "Acimovic, Sergej"]
[Black "Thybo, Jesper Sondergaard"]
[Result "0-1"]
[ECO "A85"]
[WhiteElo "2114"]
[BlackElo "2516"]
[Annotator "ChessBase"]
[PlyCount "134"]
[EventDate "2022.09.16"]
[EventType "swiss"]
[EventCountry "SLO"]
[SourceTitle "playchess.com"]
[Source "ChessBase"]
[SourceQuality "1"]
[TimeControl "5400+30"]

1. d4 f5 2. c4 Nf6 3. Nc3 e6 4. e3 Bb4 5. Bd3 Bxc3+ 6. bxc3 b6 7. Ba3 Bb7 8. Ne2 d6 9. O-O c5 10. d5 Qe7 11. dxe6 Qxe6 12. Nf4 Qe5 13. Qc2 Be4 14. Rad1 O-O 15. f3 Bxd3 16. Qxd3 Nc6 17. Nd5 Na5 18. Bc1 Kh8 19. Rfe1 Rae8 20. Re2 Rf7 21. Rde1 Nd7 22. Nc7 Rd8 23. e4 f4 24. Rd1 Nf8 25. Nd5 g5 26. Kh1 Ng6 27. Rf2 Qe6 28. Rg1 Ne5 29. Qe2 Re8 30. g3 g4 31. Nxf4 gxf3 32. Rxf3 Qxc4 33. Rf2 Qxe2 34. Rxe2 Nac4 35. Kg2 b5 36. h4 a5 37. Kh3 Nd7 38. Nd5 Nde5 39. Bf4 Nd3 40. Rd1 Nde5 41. Ne3 Nxe3 42. Rxe3 Nc4 43. Re2 Rf6 44. Kg4 Kg8 45. Rd5 Kf7 46. h5 Ke6 47. Rg5 Rff8 48. h6 Rg8 49. Kh5 Rxg5+ 50. Kxg5 b4 51. cxb4 axb4 52. g4 Rf8 53. Rc2 Ne5 54. Bxe5 Kxe5 55. Rd2 Rg8+ 56. Kh5 Rg6 57. g5 c4 58. Rf2 c3 59. Rf7 Rg8 60. Rxh7 Rc8 61. Rf7 c2 62. Rf1 c1=Q 63. Rxc1 Rxc1 64. Kg6 Kf4 65. Kf6 Rh1 66. Kg6 Rh2 67. Kf6 Rh5 0-1

[Event "26th Hit Open-A 2022"]
[Site "Nova Gorica"]
[Date "2022.09.18"]
[Round "4.15"]
[White "Pavlovic, Milos"]
[Black "Saypuri Srithan"]
[Result "1-0"]
[ECO "A38"]
[WhiteElo "2468"]
[BlackElo "2199"]
[Annotator "ChessBase"]
[PlyCount "111"]
[EventDate "2022.09.16"]
[EventType "swiss"]
[EventCountry "SLO"]
[SourceTitle "playchess.com"]
[Source "ChessBase"]
[SourceQuality "1"]
[TimeControl "5400+30"]

1. Nf3 Nf6 2. c4 g6 3. g3 Bg7 4. Bg2 O-O 5. O-O d6 6. Nc3 c5 7. d3 Nc6 8. Rb1 Rb8 9. Bd2 Bd7 10. Ne1 Ne8 11. Nc2 a5 12. a3 Nc7 13. b4 axb4 14. axb4 cxb4 15. Nxb4 Nxb4 16. Rxb4 b5 17. cxb5 Nxb5 18. Nxb5 Rxb5 19. Rxb5 Bxb5 20. Qb3 Bd7 21. Rc1 Qb8 22. Qb7 Bg4 23. Qxe7 Re8 24. Qh4 Bxe2 25. Qc4 h5 26. Bd5 Qa7 27. Qc7 Qxc7 28. Rxc7 Rf8 29. Bb4 Be5 30. f4 Bd4+ 31. Kg2 Bb6 32. Rc6 Bc5 33. Bxc5 dxc5 34. Rxg6+ Kh7 35. Rg5 Bxd3 36. Rxh5+ Kg6 37. Re5 c4 38. Be4+ Bxe4+ 39. Rxe4 Rc8 40. Re2 c3 41. Rc2 f5 42. Kf3 Kh5 43. h3 Kg6 44. Ke3 Rh8 45. Rxc3 Rxh3 46. Kd4 Kh5 47. Ke5 Kg4 48. Rc8 Rh7 49. Rg8+ Kh5 50. Rg5+ Kh6 51. Kxf5 Rf7+ 52. Kg4 Ra7 53. Rb5 Ra6 54. Kh4 Ra1 55. Rb6+ Kg7 56. Kg5 1-0

[Event "26th Hit Open-A 2022"]
[Site "Nova Gorica"]
[Date "2022.09.18"]
[Round "4.16"]
[White "Thavandiran, Shiyam"]
[Black "Centrih, Aleks"]
[Result "1-0"]
[ECO "C47"]
[WhiteElo "2363"]
[BlackElo "2095"]
[Annotator "ChessBase"]
[PlyCount "85"]
[EventDate "2022.09.16"]
[EventType "swiss"]
[EventCountry "SLO"]
[SourceTitle "playchess.com"]
[Source "ChessBase"]
[SourceQuality "1"]
[TimeControl "5400+30"]

1. e4 e5 2. Nf3 Nc6 3. Nc3 Nf6 4. h3 Bb4 5. Bd3 d6 6. O-O O-O 7. a3 Ba5 8. b4 Bb6 9. Na4 Ne7 10. Re1 Ng6 11. Bb2 Re8 12. Bf1 Bd7 13. Nxb6 axb6 14. d3 h6 15. g3 c5 16. Bg2 Qc7 17. Nd2 Bc6 18. c4 b5 19. Qc2 b6 20. cxb5 Bxb5 21. a4 Bc6 22. d4 exd4 23. b5 Bb7 24. Bxd4 Qd8 25. Bb2 Qc7 26. Bxf6 gxf6 27. Nc4 Ne7 28. Qd2 Rad8 29. Qxh6 d5 30. e5 f5 31. Nd6 Bc8 32. Qg5+ Ng6 33. Bxd5 Be6 34. Nxe8 Rxe8 35. Bxe6 Rxe6 36. Qxf5 Nxe5 37. Re4 Qe7 38. Rae1 f6 39. f4 Nf3+ 40. Kf2 Nxe1 41. Qxe6+ Qxe6 42. Rxe6 Nd3+ 43. Ke2 1-0

[Event "26th Hit Open-A 2022"]
[Site "Nova Gorica"]
[Date "2022.09.18"]
[Round "4.17"]
[White "Rozman, Monika"]
[Black "Tisaj, Domen"]
[Result "0-1"]
[ECO "C49"]
[WhiteElo "2111"]
[BlackElo "2325"]
[Annotator "ChessBase"]
[PlyCount "52"]
[EventDate "2022.09.16"]
[EventType "swiss"]
[EventCountry "SLO"]
[SourceTitle "playchess.com"]
[Source "ChessBase"]
[SourceQuality "1"]
[TimeControl "5400+30"]

1. e4 e5 2. Nc3 Nf6 3. Nf3 Nc6 4. Bb5 Bb4 5. O-O O-O 6. Bxc6 dxc6 7. d3 Nd7 8. Ne2 Re8 9. Ng3 Nf8 10. Bg5 f6 11. Be3 Ne6 12. Nh4 Bf8 13. Qh5 Qe7 14. Nhf5 Qf7 15. Qh4 Kh8 16. Kh1 c5 17. Rg1 g6 18. Nh6 Qg7 19. Nh5 gxh5 20. g4 Nf4 21. Bxf4 exf4 22. Qxh5 Qg6 23. Qxg6 hxg6 24. g5 Bxh6 25. gxh6 Kh7 26. Rg2 Bh3 0-1

[Event "26th Hit Open-A 2022"]
[Site "Nova Gorica"]
[Date "2022.09.18"]
[Round "4.18"]
[White "Lavrencic, Matic"]
[Black "Callsen, Niklas"]
[Result "1-0"]
[ECO "B55"]
[WhiteElo "2274"]
[BlackElo "2079"]
[Annotator "ChessBase"]
[PlyCount "81"]
[EventDate "2022.09.16"]
[EventType "swiss"]
[EventCountry "SLO"]
[SourceTitle "playchess.com"]
[Source "ChessBase"]
[SourceQuality "1"]
[TimeControl "5400+30"]

1. e4 c5 2. Nf3 d6 3. d4 cxd4 4. Nxd4 Nf6 5. f3 e5 6. Nb3 d5 7. Bg5 d4 8. c3 Nc6 9. cxd4 Bb4+ 10. Bd2 Nxe4 11. Bxb4 Qh4+ 12. g3 Nxg3 13. hxg3 Qxh1 14. Ba3 Qg1 15. Qe2 Qxg3+ 16. Qf2 Qxf2+ 17. Kxf2 exd4 18. N1d2 Be6 19. Nc5 O-O-O 20. Nxe6 fxe6 21. Bh3 b5 22. Bxe6+ Kb7 23. Bc5 g6 24. Re1 Rhe8 25. Re4 a5 26. a3 h5 27. Ke2 g5 28. Kf2 d3 29. b3 Kc7 30. Ke3 Kb7 31. Kf2 Kc7 32. Kg3 Kb7 33. Be3 g4 34. f4 Ne7 35. f5 Rf8 36. Re5 b4 37. axb4 axb4 38. Rb5+ Kc6 39. Rc5+ Kb7 40. Bg5 Rde8 41. Nc4 1-0